 Dungeon Crawl Stone Soup version 0.30.1 (webtiles) character file.

Game seed: 3825224421221953578

6135 McKennaii the Conjurer (level 10, -13/86 HPs)
             Began as a Demigod Conjurer on July 10, 2023.
             Mangled by a polar bear (20 damage)
             ... on level 9 of the Dungeon.
             The game lasted 00:12:05 (10884 turns).

McKennaii the Conjurer (Demigod Conjurer)          Turns: 10884, Time: 00:12:06

Health: -13/86     AC:  8    Str: 12    XL:     10   Next: 33%
Magic:  1/23       EV: 12    Int: 28    God:
Gold:   492        SH:  0    Dex: 12    Spells: 14/21 levels left

rFire   + + .        G - +1 hand axe of Floods {freeze, rN+}
rCold   + . .        (no shield)
rNeg    + + .        L - +0 steam dragon scales
rPois   .            i - +0 helmet
rElec   .            (no cloak)
rCorr   .            r - +0 pair of gloves
SInv    .            m - +0 pair of boots
Will    +....        g - amulet of the acrobat
Stlth   ++           u - ring "Bysav" {rF++ rC+ rN+}
HPRegen 0.34/turn    (no ring)
MPRegen 0.18/turn

%: acrobat
@: no status effects
A: high MP 1, forlorn, divine attributes
a: no special abilities


You were on level 9 of the Dungeon.
You visited 1 branch of the dungeon, and saw 9 of its levels.

You collected 492 gold pieces.

Inventory:

Hand Weapons
 n - a +2 hand axe of flaming
 G - the +1 hand axe of Floods (weapon) {freeze, rN+}
   (You found it on level 6 of the Dungeon)

   rN:        It protects you from negative energy.
Armour
 i - a +0 helmet (worn)
 m - a +0 pair of boots (worn)
 r - a +0 pair of gloves (worn)
 y - a +0 chain mail of willpower
 A - a +0 kite shield
 D - a +0 plate armour of fire resistance
 L - +0 steam dragon scales (worn)
Jewellery
 g - an amulet of the acrobat (around neck)
 q - a ring of fire
 u - the ring "Bysav" (left hand) {rF++ rC+ rN+}
   (You found it on level 3 of the Dungeon)

   [ring of positive energy]

   rF:        It greatly protects you from fire.
   rC:        It protects you from cold.
   rN:        It protects you from negative energy.
Wands
 j - a wand of mindburst (2)
 C - a wand of light (11)
 F - a wand of digging (9)
Scrolls
 a - a scroll of brand weapon {unknown}
 e - 5 scrolls of fear {unknown}
 f - 2 scrolls of poison {unknown}
 h - a scroll of acquirement {unknown}
 k - 6 scrolls of identify {unknown}
 o - a scroll of enchant weapon {unknown}
 s - 2 scrolls of amnesia {unknown}
 v - a scroll of blinking {unknown}
 w - 3 scrolls of butterflies {unknown}
 x - a scroll of vulnerability {unknown}
 z - 2 scrolls of magic mapping {unknown}
 E - a scroll of fog {unknown}
 H - a scroll of noise {unknown}
 I - a scroll of enchant armour {unknown}
 K - a scroll of teleportation {unknown}
Potions
 b - a potion of magic
 c - 2 potions of lignification {unknown}
 d - 4 potions of mutation {unknown}
 l - 4 potions of curing
 p - a potion of berserk rage {unknown}
 t - 2 potions of cancellation {unknown}
 B - a potion of heal wounds
 J - a potion of ambrosia {unknown}
 M - a potion of brilliance {unknown}


   Skills:
 + Level 7.3 Fighting
 + Level 7.2 Axes
 - Level 1.7 Dodging
 - Level 1.7 Stealth
 + Level 3.8 Shields
 - Level 6.4 Spellcasting
 - Level 7.7 Conjurations


You had 14 spell levels left.
You knew the following spells:

 Your Spells              Type           Power      Damage    Failure   Level
a - Magic Dart            Conj           100%       1d8       1%          1
b - Searing Ray           Conj           100%       2d8       1%          2
c - Iskenderun's Mystic   Conj/Tloc      30%        2d8       12%         4

Your spell library contained the following spells:

 Spells                   Type           Power      Damage    Failure   Level
 Dazzling Flash           Conj/Hex       60%        N/A       3%          3
 Hailstorm                Conj/Ice       30%        3d8       3%          3
 Freeze                   Ice            36%        1d5       6%          1
 Mephitic Cloud           Conj/Pois/Air  23%        N/A       6%          3
 Fulminant Prism          Conj/Hex       15%        3d10      12%         4
 Frozen Ramparts          Ice            18%        1d3       17%         3
 Ignite Poison            Fire/Tmut/Pois 9%         N/A       17%         3
 Olgreb's Toxic Radiance  Pois           9%         N/A       50%         4


Dungeon Overview and Level Annotations

Branches:
Dungeon (9/15)             Temple (0/1) D:6
   Lair: D:8-11         Orc: D:9-12

Shops:
D:2 *   D:3 [   D:8 (


Innate Abilities, Weirdness & Mutations

You have an increased reservoir of magic. (+10% MP)
You shall have no god before yourself.
Your divine heritage dramatically boosts your attributes as you level up.


Message History

The polar bear rages.
The polar bear bites you!
* * * LOW HITPOINT WARNING * * *
The polar bear claws you but does no damage.
The polar bear claws you.
* * * LOW HITPOINT WARNING * * *
You hear an angry hiss.
Unknown command.
Okay, then.
You feel much better.
The polar bear bites you but does no damage.
The polar bear claws you but does no damage.
The polar bear claws you.
The polar bear rages.
Unknown command.
Unknown command.
You hit the polar bear.
The polar bear is almost dead.
The polar bear bites you! The polar bear claws you.
* * * LOW HITPOINT WARNING * * *
The polar bear barely misses you.
A steam dragon comes into view.
The polar bear bites you!
* * * LOW HITPOINT WARNING * * *
The polar bear closely misses you.
The polar bear claws you but does no damage.
The steam dragon hisses angrily.
Unknown command.
Unknown command.
You feel much better. The polar bear bites you!!
* * * LOW HITPOINT WARNING * * *
The polar bear claws you but does no damage.
The polar bear closely misses you.
You feel much better. The polar bear bites you!
* * * LOW HITPOINT WARNING * * *
The polar bear claws you but does no damage.
The polar bear claws you.
* * * LOW HITPOINT WARNING * * *
The polar bear bites you!!
You die...

#. .. #.# ##.# #.#
######...#
######.#######.......#
#.........#..'.......#
#.........#D##.......#
#........@hh##.......#
#.........####h.h....+
#.........# #.......#
#..[......# #..h.h..#
####.######
#.....##... #>.#
#...... .. ##.###
####.... . #...# ....#
#####.### h.:..


You could see 2 polar bears and a steam dragon.

Vanquished Creatures
  Pikel (D:7)
  The ghost of Mefist the Magician, a novice DEFE (D:5)
  Maggie (D:8)
  Grinder (D:3)
  8 yaks
  A steam dragon (D:7)
  Menkaure (D:4)
  Edmund (D:4)
  An acid dragon (D:8)
  A black bear (D:5)
  A water moccasin (D:4)
  3 orc warriors
  4 sky beasts
  An ogre (D:5)
  2 ice beasts
  A wolf (D:9)
  2 centaurs (D:8)
  4 lemures (D:7)
  2 bullfrogs
  2 gnoll sergeants
  18 wights
  8 hounds
  2 jellies
  4 orc priests
  3 iguanas
  5 orc wizards
  Robin (D:2)
  9 gnolls
  3 adders
  3 shadow imps
  An ufetubus (D:6)
  2 dart slugs
  2 worms
  23 orcs
  7 ball pythons
  4 endoplasms
  A giant cockroach (D:1)
  16 goblins
  10 hobgoblins
  4 jackals (D:5)
  12 kobolds
  3 quokkas
  6 bats
  3 frilled lizards
  4 rats
193 creatures vanquished.

Notes
Turn   | Place    | Note
-------+----------+-------------------------------------------
     0 | D:1      | McKennaii the Demigod Conjurer began the quest for the Orb.
     0 | D:1      | Reached XP level 1. HP: 14/14 MP: 5/5
   312 | D:1      | Reached XP level 2. HP: 20/20 MP: 4/7
   315 | D:1      | Learned a level 2 spell: Searing Ray
  1341 | D:2      | Reached XP level 3. HP: 26/26 MP: 6/9
  1727 | D:2      | Got the Catalogue of the Scorpion
  1861 | D:2      | Found Kojodap's Assorted Antiques.
  1922 | D:2      | Noticed Robin
  1927 | D:2      | Killed Robin
  2125 | D:2      | Reached XP level 4. HP: 33/33 MP: 4/11
  2130 | D:2      | Learned a level 4 spell: Iskenderun's Mystic Blast
  2710 | D:3      | Noticed Grinder
  2712 | D:3      | Paralysed by Grinder for 5 turns
  2725 | D:3      | Killed Grinder
  2726 | D:3      | Reached skill level 1 in Fighting
  2726 | D:3      | Reached skill level 1 in Axes
  2726 | D:3      | Reached skill level 5 in Conjurations
  2726 | D:3      | Reached XP level 5. HP: 30/41 MP: 0/13
  2882 | D:3      | Reached XP level 6. HP: 48/48 MP: 8/14
  2979 | D:3      | Found Yraets's Armour Shop.
  3367 | D:3      | Identified the ring "Bysav" {rF++ rC+ rN+}
  3684 | D:4      | Noticed Menkaure
  3690 | D:4      | Killed Menkaure
  4029 | D:4      | Noticed Edmund
  4139 | D:4      | Killed Edmund
  4140 | D:4      | Reached XP level 7. HP: 48/56 MP: 1/16
  4796 | D:5      | Entered Level 5 of the Dungeon
  4941 | D:5      | Found a transporter.
  5579 | D:5      | Found a runed translucent door.
  5581 | D:5      | Noticed Mefist's ghost (novice DEFE)
  5604 | D:5      | Found a transporter.
  6178 | D:5      | Reached XP level 8. HP: 66/66 MP: 6/18
  6460 | D:5      | Killed Mefist's ghost
  6461 | D:5      | Reached skill level 5 in Spellcasting
  7099 | D:6      | Found a staircase to the Ecumenical Temple.
  7354 | D:6      | Identified the +1 hand axe of Floods {freeze, rN+}
  7391 | D:6      | Reached skill level 5 in Fighting
  7986 | D:6      | Reached skill level 5 in Axes
  8251 | D:7      | Reached XP level 9. HP: 74/74 MP: 16/21
  8523 | D:7      | Noticed Pikel
  8547 | D:7      | Killed Pikel
  9560 | D:8      | Found Qyicar Immi's Weapon Shop.
  9645 | D:8      | Reached skill level 1 in Shields
  9768 | D:8      | Noticed Maggie
  9784 | D:8      | Killed Maggie
 10041 | D:8      | Reached XP level 10. HP: 84/84 MP: 9/23
 10883 | D:9      | HP: 3/86 [polar bear (20)]
 10884 | D:9      | Mangled by a polar bear

Illustrated notes

Levels and vault maps discovered:
D:1:      eino_arrival_water_star, layout_basic
D:2:      cheibrodos_old_hovel, layout_basic, serial_shops, shop, uniq_robin
D:3:      layout_basic, amcnicky_altar_gilded, serial_shops, shop, uniq_grinder
D:4:      layout_loops_cross, uniq_edmund, uniq_menkaure
D:5:      gammafunk_wand_slinger, layout_loops_corners,
          ebering_ghost_reflecting_pool, dk_rats_in_the_wall
D:6:      minmay_spotlight, layout_loops_ring, doesnt_xom_only_xom,
          minmay_temple_entry_large_hall
D:7:      layout_basic, grunt_decor_resistance, uniq_pikel
D:8:      layout_cave_pools, trog_book, serial_shops, nicolae_stop_n_shop_1,
          uniq_maggie
D:9:      layout_roguey, hellmonk_lair_entry_icy

Skill      XL: |  1  2  3  4  5  6  7  8  9 10 |
---------------+-------------------------------+-----
Spellcasting   | 2 3 4 5 6 |  6.4
Conjurations   | 4 5 6 7 |  7.7
Fighting       | 1 2 4 5 6 7 |  7.3
Axes           | 1 2 3 5 6 7 |  7.2
Shields        | 2 3 |  3.8
Dodging        | |  1.7
Stealth        | |  1.7

Action                     |  1- 3 |  4- 6 |  7- 9 | 10-12 || total
---------------------------+-------+-------+-------+-------++-------
  Melee: Unarmed           |     6 |       |       |       ||     6
         Hand axe          |       |     6 |    33 |    20 ||    59
         Punch             |       |       |       |     1 ||     1
   Cast: Magic Dart        |   101 |    47 |   157 |    11 ||   316
         Searing Ray       |     3 |    13 |    67 |    13 ||    96
         Iskenderun's Myst |       |       |     9 |     6 ||    15
  Evoke: Wand              |       |     1 |     2 |       ||     3
    Use: Potion            |       |       |       |     3 ||     3
   Stab: Sleeping          |       |       |     1 |       ||     1
 Armour: Robe              |     2 |     5 |    26 |       ||    33
         Steam dragon scal |       |       |     4 |    17 ||    21
  Dodge: Dodged            |    13 |    16 |    99 |    36 ||   164
